 Dungeon Crawl Stone Soup version 0.22-a0-246-gdc04c06 (webtiles) character file.

2594 completeli the Ruffian (level 9, -2/84 HPs)
             Began as a Troll Warper on Feb 22, 2018.
             Slain by a two-headed ogre
             ... wielding a +0 dire flail
              (10 damage)
             ... on level 7 of the Dungeon on Feb 23, 2018.
             The game lasted 00:22:50 (6044 turns).

completeli the Ruffian (Troll Warper)               Turns: 6044, Time: 00:22:51

Health: -2/84      AC:  5    Str: 21    XL:     9   Next: 33%
Magic:  13/13      EV: 11    Int: 11    God:
Gold:   299        SH:  0    Dex: 10    Spells: 9/14 levels left

rFire    . . .     SeeInvis +     - Unarmed
rCold    . . .     Gourm    +   (no shield)
rNeg     . . .     Faith    .   w - +0 robe
rPois    .         Spirit   .   (helmet restricted)
rElec    .         Reflect  .   (no cloak)
rCorr    +         Harm     .   (gloves unavailable)
MR       .....                  (boots unavailable)
Stlth    +.........             (no amulet)
HPRegen  0.64/turn              f - ring of resist corrosion
MPRegen  0.13/turn              q - ring of see invisible

@: drained
A: large, unfitting armour, claws 3, fast metabolism 3, gourmand, regeneration
1, shaggy fur 1, tough skin 2
a: no special abilities


You were on level 7 of the Dungeon.
You were not hungry.

You visited 2 branches of the dungeon, and saw 8 of its levels.

You collected 299 gold pieces.

Inventory:

Hand Weapons
 l - a cursed -2 quarterstaff
Missiles
 k - 6 needles of confusion
 n - 3 tomahawks (quivered)
Armour
 a - a +0 robe
 w - a +0 robe (worn)
Jewellery
 f - a ring of resist corrosion (left claw)
 q - a ring of see invisible (right claw)
Wands
 y - a wand of disintegration (8)
Scrolls
 c - 4 scrolls of blinking
 e - 2 scrolls of remove curse
 o - 3 scrolls of teleportation {unknown}
 r - a scroll of enchant armour {unknown}
 t - 4 scrolls of enchant weapon {unknown}
 u - a scroll of random uselessness {unknown}
 v - 3 scrolls of magic mapping {unknown}
 x - 2 scrolls of identify
Potions
 d - a potion of agility {unknown}
 g - 2 potions of flight {unknown}
 h - a potion of cancellation {unknown}
 i - 2 potions of might
 j - 2 potions of lignification
 m - 2 potions of ambrosia
 p - a potion of haste
 s - a potion of curing
Comestibles
 b - 10 rations


   Skills:
 + Level 3.6(3.4) Fighting
 - Level 0.8(0.6) Throwing
 + Level 5.5(5.3) Dodging
 * Level 7.7(7.5) Unarmed Combat
 - Level 3.3(3.1) Spellcasting
 + Level 4.3(4.0) Translocations


You had 9 spell levels left.
You knew the following spells:

 Your Spells              Type           Power        Failure   Level  Hunger
a - Blink                 Tloc           N/A          8%          2    ###....
b - Gell's Gravitas       Tloc           ##........   14%         3    ###....


Dungeon Overview and Level Annotations

Branches:
Dungeon (7/15)             Temple (1/1) D:4

Altars:
Ashenzari
Elyvilon
Fedhas
Gozag
Hepliaklqana
Nemelex Xobeh
Okawaru
Qazlal
Ru
Sif Muna
Trog
Uskayaw
Vehumet
Yredelemnul
Zin
The Shining One

Annotations:
D:3 Bugaboo's ghost, amateur GrFi; Sigmund
D:4 3 exclusions, Blork the orc
D:5 exclusion: downstairs


Innate Abilities, Weirdness & Mutations

You are too large for most types of armour.
You have claws for hands.
Your metabolism is lightning-fast.
You like to eat raw meat.
Your natural rate of healing is unusually fast.
You are covered in fur. (AC +1)
You have very tough skin. (AC +2)


Message History

The two-headed ogre is moderately wounded.
The two-headed ogre closely misses you. x2
You claw the two-headed ogre!
The two-headed ogre is heavily wounded.
The two-headed ogre hits you with a dire flail.
The two-headed ogre hits you with a giant club!!
You scratch the two-headed ogre.
The two-headed ogre is heavily wounded.
You claw the two-headed ogre!
The two-headed ogre is almost dead.
The two-headed ogre hits you with a dire flail!
The two-headed ogre hits you with a giant club!!
* * * LOW HITPOINT WARNING * * *
You are too injured to fight recklessly!
You claw the two-headed ogre!
The two-headed ogre is almost dead.
The two-headed ogre hits you with a dire flail!
* * * LOW HITPOINT WARNING * * *
The two-headed ogre hits you with a giant club!
You die...

.(. #.# #. #(# #.# #(# #.#
#Z# #.# #l# #.# #O#
##########.# #@#
#..........###.#
#..............#
###..........############
..............).........#
###.........###########.#
#.........####......#.##.#
##.........#......##.#.##..
#.................##.#.##..


You could see a two-headed ogre, an iguana and a hound skeleton.

Vanquished Creatures
  Eustachio (D:6)
  Menkaure (D:4)
  3 phantoms
  2 sky beasts (D:5)
  6 ogres
  A centaur (D:6)
  A big kobold (D:5)
  A bullfrog (D:5)
  A scorpion (D:5)
  5 wights
  3 howler monkeys
  5 bullfrog zombies
  A centaur zombie (D:5)
  A bullfrog skeleton (D:5)
  A gnoll shaman (D:5)
  2 jellies
  Jessica (D:2)
  2 iguanas
  4 orc wizards (D:6)
  A worker ant (D:5)
  A hound zombie (D:7)
  A worker ant zombie (D:5)
  6 adders
  7 gnolls
  A howler monkey skeleton (D:6)
  A shadow imp (D:6)
  2 adder zombies (D:5)
  3 worms
  2 dart slugs
  7 leopard geckos
  13 orcs
  2 ball pythons
  3 bats
  3 giant cockroaches
  3 goblins
  6 hobgoblins
  4 jackals
  2 quokkas
  A ball python skeleton (D:5)
  3 frilled lizards
  5 kobolds
  A leopard gecko zombie (D:5)
  2 quokka skeletons
  A quokka zombie (D:5)
  5 rats
128 creatures vanquished.

Notes
Turn   | Place    | Note
-------+----------+-------------------------------------------
     0 | D:1      | completeli the Troll Warper began the quest for the Orb.
     0 | D:1      | Reached XP level 1. HP: 19/19 MP: 1/1
    85 | D:1      | Reached XP level 2. HP: 28/28 MP: 3/3
   112 | D:1      | Learned a level 2 spell: Blink
   666 | D:2      | Reached XP level 3. HP: 28/35 MP: 4/4
   707 | D:2      | Found a shattered altar of Ashenzari.
   900 | D:2      | Noticed Jessica
   912 | D:2      | Killed Jessica
   912 | D:2      | Reached skill level 3 in Unarmed Combat
   912 | D:2      | Reached XP level 4. HP: 26/42 MP: 5/5
  1615 | D:3      | Found a blossoming altar of Fedhas.
  1616 | D:3      | Noticed Bugaboo's ghost (amateur GrFi)
  1855 | D:3      | Reached XP level 5. HP: 42/49 MP: 6/6
  2048 | D:3      | Noticed Sigmund
  2172 | D:4      | Found a staircase to the Ecumenical Temple.
  2185 | Temple   | Entered the Ecumenical Temple
  2496 | D:4      | Noticed an ogre
  2501 | D:4      | Killed an ogre
  2558 | D:4      | Reached XP level 6. HP: 34/57 MP: 8/8
  2657 | D:4      | Noticed Blork the orc
  2657 | D:4      | Noticed Menkaure
  2706 | D:4      | Killed Menkaure
  2706 | D:4      | Reached skill level 4 in Unarmed Combat
  3184 | D:4      | Reached XP level 7. HP: 22/65 MP: 9/9
  3499 | D:5      | Entered Level 5 of the Dungeon
  3738 | D:5      | Reached skill level 5 in Unarmed Combat
  3928 | D:5      | Reached XP level 8. HP: 72/72 MP: 11/11
  4229 | D:5      | Reached skill level 6 in Unarmed Combat
  4874 | D:6      | Reached skill level 5 in Dodging
  5026 | D:6      | Noticed Eustachio
  5069 | D:6      | Killed Eustachio
  5069 | D:6      | Reached skill level 7 in Unarmed Combat
  5244 | D:5      | Reached XP level 9. HP: 37/83 MP: 13/13
  5716 | D:7      | Learned a level 3 spell: Gell's Gravitas
  6032 | D:7      | Noticed a two-headed ogre
  6044 | D:7      | Slain by a two-headed ogre

Vault maps used:
D:1:      dpeg_arrival_round_c
D:2:      nicolae_ashenzari_panopticon, uniq_jessica
D:3:      tgw_fedhas, first_ration, uniq_sigmund
D:4:      kennysheep_spiral_hall, minmay_temple_entry_statues_fountains,
          serial_bayou, serial_bayou_pond_e, serial_bayou_pond_e,
          serial_bayou_shore_b, serial_bayou_lake_a, uniq_blork_the_orc,
          uniq_menkaure
D:5:      serial_undead, serial_undead_b, serial_undead_a, serial_undead_f,
          serial_undead_f, st_stairs_12
D:6:      uniq_eustachio
D:7:      minmay_overflow_temple_star_quad, basic_altar
Temple:   regret_index_temple_generic_petals

Skill      XL: |  1  2  3  4  5  6  7  8 |
---------------+-------------------------+-----
Dodging        | 2 3 4 5 |  5.5
Unarmed Combat | 3 4 5 7 |  7.7
Fighting       | 2 3 |  3.6
Spellcasting   | 2 3 |  3.3
Translocations | 3 4 |  4.3
Throwing       | |  0.8

Action                   |  1- 3 |  4- 6 |  7- 9 || total
-------------------------+-------+-------+-------++-------
Melee: Unarmed           |    83 |   126 |   331 ||   540
       Punch             |     2 |     3 |     7 ||    12
Throw: Tomahawk          |       |     5 |     5 ||    10
 Cast: Blink             |       |     4 |     4 ||     8
       Gell's Gravitas   |       |       |     2 ||     2
  Use: Scroll            |       |       |     6 ||     6
 Stab: Sleeping          |       |     2 |       ||     2
  Eat: Chunk             |     7 |    15 |    32 ||    54
       Ration            |       |     1 |       ||     1
Armor: Robe              |    17 |    30 |    60 ||   107
Dodge: Dodged            |    40 |    59 |   147 ||   246

Table legend:
 A = Spawn XP
 B = Non-spawn XP
 C = Spawn XP percentage of total XP
 D = Spawn monster count
 E = Non-spawn monster count
 F = Spawn count percentage of total count
 G = Total turns spent on level
                    A         B        C        D         E        F      G
               +---------+---------+-------+---------+---------+-------+---------
         Total |       0 |    3707 |   0.0 |       0 |     128 |   0.0 |  6044
               +---------+---------+-------+---------+---------+-------+---------
           D:1 |       0 |      29 |   0.0 |       0 |      15 |   0.0 |   647
           D:2 |       0 |     142 |   0.0 |       0 |      16 |   0.0 |   846
           D:3 |       0 |      69 |   0.0 |       0 |      13 |   0.0 |   573
           D:4 |       0 |     519 |   0.0 |       0 |      13 |   0.0 |  1402
           D:5 |       0 |    1572 |   0.0 |       0 |      37 |   0.0 |  1109
           D:6 |       0 |    1069 |   0.0 |       0 |      29 |   0.0 |   834
           D:7 |       0 |     307 |   0.0 |       0 |       5 |   0.0 |   378
               +---------+---------+-------+---------+---------+-------+---------
